 Dungeon Crawl Stone Soup version 0.26-a0-146-g24f6d3962c (webtiles) character file.

Game seed: 15321181380557804728

11 Flugslaktarn the Sneak (level 2, -1/17 HPs)
             Began as an Octopode Wizard on June 29, 2020.
             Hit by a boomerang thrown by an orc (3 damage)
             ... on level 2 of the Dungeon.
             The game lasted 00:01:08 (160 turns).

Flugslaktarn the Sneak (Octopode Wizard)             Turns: 160, Time: 00:01:08

Health: -1/17      AC:  1    Str:  6    XL:     2   Next: 29%
Magic:  0/6        EV: 13    Int: 20    God:
Gold:   51         SH:  0    Dex: 10    Spells: 2/7 levels left

rFire    . . .     SeeInvis .   (no weapon)
rCold    . . .     Faith    .   (no shield)
rNeg     . . .     Spirit   .   a - +0 hat
rPois    .         Reflect  .   (no amulet)
rElec    .         Harm     .   (no ring)
rCorr    .                      (no ring)
MR       .....                  (no ring)
Stlth    +++.......             (no ring)
HPRegen  0.05/turn              (no ring)
MPRegen  0.10/turn              (no ring)
                                (no ring)
                                (no ring)

@: no status effects
A: almost no armour, stealthy swim, amphibious, 8 rings, constrict 8, camouflage
1, gelatinous body 1
a: no special abilities


You were on level 2 of the Dungeon.
You were not hungry.

You visited 1 branch of the dungeon, and saw 2 of its levels.

You collected 51 gold pieces.

Inventory:

Armour
 a - a +0 hat (worn)
Scrolls
 b - 3 scrolls of remove curse {unknown}
Comestibles
 c - 2 rations


   Skills:
 - Level 2.0 Dodging
 + Level 4.1 Stealth
 - Level 3.0 Spellcasting
 - Level 1.0 Conjurations
 - Level 1.0 Summonings
 - Level 1.0 Translocations


You had 2 spell levels left.
You knew the following spells:

 Your Spells              Type           Power        Failure   Level  Hunger
a - Magic Dart            Conj           #...         10%         1    None
b - Call Imp              Summ           #.......     14%         2    ##.....
r - Blink                 Tloc           N/A          14%         2    ##.....

Your spell library contained the following spells:

 Spells                   Type           Power        Failure   Level  Hunger
 Slow                     Hex            #.......     22%         2    ##.....
 Conjure Flame            Conj/Fire      #.......     34%         3    ###....
 Mephitic Cloud           Conj/Pois/Air  #.......     36%         3    ###....


Dungeon Overview and Level Annotations

Branches:
Dungeon (2/15)

Altars:


Innate Abilities, Weirdness & Mutations

You cannot wear most types of armour.
You are very stealthy in the water. (Stealth+)
You are amphibious.
You can wear up to eight rings at the same time.
You can use your tentacles to constrict eight enemies at once.
Your skin changes colour to match your surroundings (Stealth+).
Your rubbery body absorbs attacks. (AC +1, EV +1)


Message History

Casting: Call Imp (safe; 14% risk of failure)
Confirm with . or Enter, or press ? or * to list all spells.
A beastly little devil appears in a puff of flame.
Your crimson imp blinks!
Your white imp hits the orc.
Your white imp freezes the orc.
You swap places.
The orc completely misses your white imp.
The orc misses your crimson imp.
Your crimson imp hits the orc but does no damage.
Your white imp hits the orc.
Your white imp freezes the orc.
The orc dies!
The orc throws a boomerang.
The boomerang closely misses your white imp.
The boomerang barely misses your crimson imp.
The boomerang hits you.
* * * LOW HITPOINT WARNING * * *
The weapon returns to the orc!
The orc throws a boomerang.
The boomerang hits your white imp but does no damage.
The weapon returns to the orc!
Your crimson imp blinks!
What are your orders? t - Shout!
Orders for allies: a - Attack new target. r - Retreat! s - Stop attacking. g - Guard the area. f - Follow me.
Anything else - Cancel.
Guard this area!
The orc wizard casts a spell at you.
Your white imp resists with significant effort.
The orc throws a boomerang.
The boomerang hits your white imp.
The weapon returns to the orc!
Your white imp gestures at the orc wizard.
The puff of frost hits the orc wizard.
Your crimson imp hits the orc.
The orc throws a boomerang.
The boomerang barely misses your white imp.
The boomerang hits you.
* * * LOW HITPOINT WARNING * * *
The weapon returns to the orc!
Your white imp disappears in a puff of smoke!
The orc throws a boomerang.
The boomerang hits you.
* * * LOW HITPOINT WARNING * * *
The weapon returns to the orc!
Casting: Call Imp (safe; 14% risk of failure)
Confirm with . or Enter, or press ? or * to list all spells.
A beastly little devil appears in a puff of flame.
The orc throws a boomerang.
The boomerang closely misses your crimson imp.
The boomerang hits you.
You die...

##.## ..... #...# ..o #...#
#o# ## #...# ###.####...
#...# #..o.....#
#####...######.†#.#.#.#
..####..<.........#55......#.
..............5..§oo.........
.#.##.......@5....#..#...#.#.
######..>######..#...# #
#...# #........ #...#
##.###.#.# #...# #.. ...#
#...# #### .### ##.## ..#


You could see 2 orcs and 3 friendly crimson imps.

Vanquished Creatures
  A dart slug (D:1)
  2 hobgoblins (D:1)
  2 bats (D:1)
  A rat (D:1)
6 creatures vanquished.

Vanquished Creatures (collateral kills)
  2 orcs (D:2)
  A hobgoblin (D:2)
3 creatures vanquished.

Grand Total: 9 creatures vanquished

Notes
Turn   | Place    | Note
-------+----------+-------------------------------------------
     0 | D:1      | Flugslaktarn the Octopode Wizard began the quest for the
                  | Orb.
     0 | D:1      | Reached XP level 1. HP: 11/11 MP: 4/4
    32 | D:1      | Reached skill level 3 in Stealth
    74 | D:1      | Reached XP level 2. HP: 11/17 MP: 1/6
   104 | D:1      | Learned a level 2 spell: Call Imp
   107 | D:1      | Learned a level 2 spell: Blink
   141 | D:2      | Reached skill level 4 in Stealth
   160 | D:2      | Hit by a boomerang thrown by an orc

Illustrated notes

Levels and vault maps discovered:
D:1:      dpeg_arrival_erosion, layout_rooms, minmay_tromino_mix6
D:2:      layout_loops_cross, nicolae_dithmenos_through_a_glass_darkly,
          uniq_natasha, uniq_sigmund, uniq_crazy_yiuf_cottage

Skill      XL: |  1  2 |
---------------+-------+-----
Stealth        | 3 4 |  4.1
Dodging        | |  2.0
Spellcasting   | |  3.0
Conjurations   | |  1.0
Summonings     | |  1.0
Translocations | |  1.0

Action                   || total
-------------------------++-------
Melee: Unarmed           ||    16
       Tentacles         ||     4
       Constrict         ||     3
 Cast: Magic Dart        ||     6
       Call Imp          ||     4
Armor: Skin              ||     1
Dodge: Dodged            ||    13

Table legend:
 A = Non-vault XP
 B = Vault XP
 C = Vault XP percentage of total XP
 D = Non-vault monster count
 E = Vault monster count
 F = Vault count percentage of total count
                 A         B        C        D         E       F
            +---------+---------+-------+---------+---------+-------
      Total |      17 |       0 |   0.0 |       9 |       0 |   0.0
            +---------+---------+-------+---------+---------+-------
        D:1 |      12 |       0 |   0.0 |       6 |       0 |   0.0
        D:2 |       5 |       0 |   0.0 |       3 |       0 |   0.0
            +---------+---------+-------+---------+---------+-------
